 Dungeon Crawl Stone Soup version 0.19-a0-1201-gda63bca (webtiles) character file.

18417 kae the Arsonist (level 12, -9/94 HPs)
             Began as a Human Fire Elementalist on Aug 20, 2016.
             Was an Elder of Vehumet.
             Hit by a stone thrown by a minotaur (17 damage)
             ... in a labyrinth.
             The game lasted 00:40:25 (21232 turns).

kae the Arsonist (Human Fire Elementalist)         Turns: 21232, Time: 00:40:26

Health: -9/94      AC:  6    Str:  9    XL:     12   Next: 94%
Magic:  0/23       EV: 20    Int: 19    God:    Vehumet [****..]
Gold:   659        SH:  0    Dex: 15    Spells: 7 memorised, 3 levels left

rFire  . . .     SeeInvis .     n - +1 spear
rCold  . . .     Gourm    .     a - +0 robe
rNeg   . . .     Faith    .     (no shield)
rPois  +         Spirit   +     (no helmet)
rElec  .         Dismiss  .     F - +1 cloak
rCorr  .         Reflect  .     (no gloves)
MR     .....     Harm     .     (no boots)
Stlth  ++........               x - amulet of guardian spirit
                                u - ring of poison resistance
                                f - +4 ring of evasion

@: very slightly contaminated, hasted, very quick
A: iridescent scales 1
a: Renounce Religion


You were in a labyrinth.
You worshipped Vehumet.
Vehumet was greatly pleased with you.
You were not hungry.

You visited 3 branches of the dungeon, and saw 15 of its levels.
You also visited: Labyrinth and Bailey.

You collected 659 gold pieces.

Inventory:

Hand Weapons
 n - a +1 spear (weapon)
Armour
 a - a +0 robe (worn)
 F - a +1 cloak (worn)
Jewellery
 f - a +4 ring of evasion (left hand)
 h - an uncursed amulet of the gourmand {unknown}
 m - a cursed amulet of inaccuracy {unknown}
 u - a ring of poison resistance (right hand)
 x - an amulet of guardian spirit (around neck)
 H - an uncursed ring of protection from fire
Wands
 g - a wand of polymorph (15/24)
 w - a wand of slowing (14/48)
 A - a wand of heal wounds (5/9)
 I - a wand of paralysis (14/24)
Scrolls
 b - a scroll of magic mapping
 e - a scroll of blinking
 i - 10 scrolls of remove curse
 j - a scroll of immolation {unknown}
 k - a scroll of enchant weapon
 p - 4 scrolls of amnesia
 v - 8 scrolls of identify
 C - 6 scrolls of teleportation
 M - 4 scrolls of enchant armour
Potions
 l - a potion of cancellation
 q - a potion of haste
 r - 6 potions of might
 z - a potion of flight
 B - a potion of cure mutation
 K - a potion of berserk rage
Comestibles
 c - 6 bread rations
 d - 19 fruits
 D - 2 beef jerkies
 N - 3 meat rations
 Q - a royal jelly


   Skills:
 * Level 8.6 Fighting
 + Level 6.4 Dodging
 - Level 2.0 Stealth
 - Level 7.7 Spellcasting
 - Level 10.9 Conjurations
 - Level 11.5 Fire Magic


You had 3 spell levels left.
You knew the following spells:

 Your Spells              Type           Power        Failure   Level  Hunger
a - Flame Tongue          Conj/Fire      #####        1%          1    None
b - Throw Flame           Conj/Fire      ######       1%          2    None
c - Conjure Flame         Conj/Fire      ######..     1%          3    #......
d - Sticky Flame          Conj/Fire      ######..     1%          4    ###....
e - Stone Arrow           Conj/Erth      ####..       1%          3    #......
f - Fireball              Conj/Fire      ######....   1%          5    #####..
g - Bolt of Magma         Conj/Fire/Erth #####.....   4%          5    #####..


Dungeon Overview and Level Annotations

Branches:
Dungeon (11/15)            Temple (1/1) D:6            Lair (3/6) D:10
    Orc (0/2) D:9
  Swamp: Lair:2-4    Shoals: Lair:2-4     Snake: Lair:2-4    Spider: Lair:2-4

Altars:
Ashenzari
Cheibriados
Dithmenos
Elyvilon
Fedhas
Gozag
Hepliaklqana
Kikubaaqudgha
Makhleb
Nemelex Xobeh
Okawaru
Qazlal
Ru
Sif Muna
Trog
Uskayaw
Vehumet
Xom
Yredelemnul
Zin
The Shining One

Shops:
D:8 :

Annotations:
D:11 Erolcha


Innate Abilities, Weirdness & Mutations

You are partially covered in iridescent scales. (AC +2)


Message History

The bolt of magma hits the minotaur.
The minotaur partially resists.
The minotaur is lightly wounded.
The minotaur throws a stone.
The stone hits you!!
Casting: Bolt of Magma
Confirm with . or Enter, or press ? or * to list all spells.
Okay, then.
Unknown command.
The minotaur throws a stone.
The stone hits you!!
You see here a stone.
The minotaur is engulfed in roaring flames.
The minotaur zaps a rod.
The narrow beam of energy misses you.
You feel yourself speed up.
You are very lightly contaminated with residual magic.
The minotaur throws a stone.
The stone hits you but does no damage.
You see here a stone.
The minotaur throws a stone.
The stone hits you!!
* * * LOW HITPOINT WARNING * * *
You see here a stone.
The minotaur throws a stone.
The stone hits you!!
You die...

## ... ...... #. #
. ...# ## #..#.
.... .. ###..#.# ≈
..# #.# #
#....#.#.≈≈#..#...
#.###
##('.H.<≈#..#.#.#.
# #.
.....H#.#.≈≈#....#.
. ####.##.# # #..#
# .....H#######..#
.. # #
#.####....((.@..# #
# . #
#...........#.# #
#.########### # ..
#.# . # # # . # #
..


You could see a minotaur.

Vanquished Creatures
  Snorg (D:11)
  A hydra (Lair:2)
  2 black mambas
  8 spiny frogs
  2 rime drakes (Lair:2)
  A troll (D:9)
  Sigmund (D:4)
  2 wyverns
  A basilisk (Lair:1)
  18 yaks
  A wraith (D:10)
  3 hippogriffs
  A hungry ghost (D:7)
  Menkaure (D:6)
  Edmund (D:4)
  4 wargs (D:9)
  7 water moccasins
  10 porcupines
  4 black bears
  15 orc warriors
  A phantom (D:5)
  The ghost of Aquadorian the Skirmisher, an amateur DsMo (D:3)
  2 ice beasts
  3 sky beasts
  An ogre (D:4)
  A necrophage (D:6)
  5 crocodiles (Lair:2)
  13 centaurs
  10 giant frogs
  3 killer bees (D:11)
  A scorpion (D:7)
  5 wights
  3 electric eels
  2 crimson imps
  3 centaur zombies
  A quasit (D:6)
  5 orc priests
  2 giant frog skeletons
  4 hounds
  A jelly (D:8)
  8 orc wizards
  4 centaur skeletons
  Jessica (D:3)
  Ijyb (D:3)
  7 iguanas
  12 worker ants
  3 killer bee zombies
  A hound zombie (D:6)
  A howler monkey zombie (D:9)
  A worker ant zombie (D:7)
  9 adders
  4 gnolls (D:3)
  16 river rats
  2 shadow imps
  An adder zombie (D:5)
  A worm (D:3)
  2 dart slugs (D:1)
  4 giant geckos
  49 orcs
  22 bats
  7 giant cockroaches
  6 hobgoblins
  10 jackals
  9 quokkas
  A giant gecko skeleton (D:9)
  3 giant newts
  10 goblins
  8 kobolds
  A quokka zombie (D:5)
  19 rats
374 creatures vanquished.

Vanquished Creatures (others)
  An orc wizard (D:7)
  2 fungi
3 creatures vanquished.

Grand Total: 377 creatures vanquished

Notes
Turn   | Place    | Note
-------+----------+-------------------------------------------
     0 | D:1      | kae the Human Fire Elementalist began the quest for the Orb.
     0 | D:1      | Reached XP level 1. HP: 13/13 MP: 3/3
   213 | D:1      | Reached XP level 2. HP: 19/19 MP: 0/5
   700 | D:1      | Reached XP level 3. HP: 24/24 MP: 0/6
  1421 | D:2      | Reached XP level 4. HP: 20/30 MP: 0/7
  2167 | D:3      | Noticed Ijyb
  2177 | D:3      | Killed Ijyb
  2211 | D:3      | Reached skill level 4 in Fire Magic
  2304 | D:3      | Reached XP level 5. HP: 21/35 MP: 6/9
  2808 | D:3      | Noticed Aquadorian's ghost (amateur DsMo)
  2833 | D:2      | Learned a level 2 spell: Throw Flame
  2837 | D:2      | Learned a level 3 spell: Conjure Flame
  2842 | D:2      | Learned a level 4 spell: Sticky Flame
  2870 | D:3      | Killed Aquadorian's ghost
  2870 | D:3      | Reached skill level 5 in Fire Magic
  2870 | D:3      | Reached XP level 6. HP: 41/41 MP: 1/10
  3393 | D:3      | Noticed Jessica
  3399 | D:3      | Killed Jessica
  3456 | D:3      | Identified Jessica's Incunabulum of Self-Knowledge
  3524 | D:4      | Gained mutation: You are partially covered in iridescent scales. (AC +2) [potion of beneficial mutation]
  3590 | D:4      | Found a basalt altar of Yredelemnul.
  3593 | D:4      | Found an iron altar of Okawaru.
  3596 | D:4      | Found a stormy altar of Qazlal.
  3599 | D:4      | Found an ancient bone altar of Kikubaaqudgha.
  3629 | D:4      | Reached XP level 7. HP: 41/46 MP: 9/12
  3764 | D:4      | Noticed Edmund
  3776 | D:4      | Killed Edmund
  4213 | D:4      | Noticed Sigmund
  4228 | D:4      | Killed Sigmund
  4228 | D:4      | Reached skill level 5 in Conjurations
  4228 | D:4      | Reached skill level 6 in Fire Magic
  4228 | D:4      | Reached XP level 8. HP: 32/52 MP: 3/14
  4647 | D:5      | Entered Level 5 of the Dungeon
  4835 | D:5      | Found a shimmering altar of Xom.
  5749 | D:5      | Found a snail-covered altar of Cheibriados.
  6003 | D:6      | Reached skill level 7 in Fire Magic
  6277 | D:6      | Reached XP level 9. HP: 46/57 MP: 6/16
  6555 | D:6      | Reached skill level 5 in Spellcasting
  6649 | D:6      | Found a staircase to the Ecumenical Temple.
  6716 | Temple   | Entered the Ecumenical Temple
  7109 | D:6      | Reached skill level 8 in Fire Magic
  7123 | D:6      | Noticed Menkaure
  7205 | D:6      | Killed Menkaure
  7510 | D:7      | Found a shattered altar of Ashenzari.
  7585 | D:7      | Found a bloodstained altar of Trog.
  8385 | D:7      | Found a radiant altar of Vehumet.
  8393 | D:7      | Reached XP level 10. HP: 61/62 MP: 8/18
  8409 | D:7      | Became a worshipper of Vehumet
  8599 | D:7      | Reached skill level 9 in Fire Magic
  9272 | D:8      | Found a hazy altar of Hepliaklqana.
  9292 | D:8      | Found a sacrificial altar of Ru.
  9476 | D:8      | You fall through a shaft for 3 floors!
  9485 | D:11     | Found a stormy altar of Qazlal.
  9570 | D:11     | Noticed Snorg
  9575 | D:11     | HP: 3/63 [Snorg (14)]
  9578 | D:11     | Killed Snorg
  9648 | D:11     | Reached skill level 10 in Fire Magic
  9672 | D:11     | HP: 3/63 [poisoned by a killer bee]
 10012 | D:11     | Noticed Erolcha
 10017 | D:10     | Entered Level 10 of the Dungeon
 10066 | D:10     | Reached * piety under Vehumet
 10066 | D:10     | Offered knowledge of Sandblast by Vehumet.
 10405 | D:10     | Reached XP level 11. HP: 60/68 MP: 16/21
 10506 | D:9      | Found a flagged portal.
 10515 | Bailey   | Entered a bailey
 11035 | Bailey   | Reached skill level 10 in Conjurations
 12665 | Bailey   | Reached ** piety under Vehumet
 12665 | Bailey   | Offered knowledge of Searing Ray by Vehumet.
 12877 | Bailey   | Reached skill level 11 in Fire Magic
 13532 | D:9      | Found a staircase to the Orcish Mines.
 13588 | D:9      | Found a sparkling altar of Nemelex Xobeh.
 13777 | D:8      | Found Uxzoekk's Book Boutique.
 14125 | D:8      | Found a glowing silver altar of Zin.
 14284 | D:9      | Found a snail-covered altar of Cheibriados.
 15006 | D:9      | Found a deep blue altar of Sif Muna.
 15514 | D:10     | Offered knowledge of Stone Arrow by Vehumet.
 15905 | D:10     | Reached skill level 1 in Fighting
 16024 | D:10     | Learned a level 3 spell: Stone Arrow
 16029 | D:10     | Reached *** piety under Vehumet
 16300 | D:10     | Learned a level 5 spell: Fireball
 16306 | D:10     | Learned a level 5 spell: Bolt of Magma
 16559 | D:10     | Found a staircase to the Lair.
 16818 | Lair:1   | Entered Level 1 of the Lair of Beasts
 17112 | Lair:1   | Offered knowledge of Mephitic Cloud by Vehumet.
 17307 | Lair:1   | Reached XP level 12. HP: 82/82 MP: 5/23
 17784 | Lair:1   | Reached **** piety under Vehumet
 17901 | Lair:1   | Reached skill level 5 in Fighting
 18461 | Lair:1   | Reached skill level 5 in Dodging
 18790 | Lair:1   | Offered knowledge of Iskenderun's Battlesphere by Vehumet.
 19271 | Lair:2   | Noticed an eight-headed hydra
 19302 | Lair:2   | Killed an eight-headed hydra
 20376 | Lair:2   | Found an opulent altar of Gozag.
 20912 | Lair:3   | Found a labyrinth entrance.
 20917 | Lair:3   | Noticed a death yak
 20918 | Lair:3   | Noticed a death yak
 20919 | Lair:3   | Noticed a death yak
 20921 | Lab      | Entered a labyrinth
 21216 | Lab      | Noticed a minotaur
 21232 | Lab      | Hit by a stone thrown by a minotaur

Vault maps used:
D:1:      dpeg_arrival_castle
D:2:      minmay_ruptured
D:3:      kennysheep_jessica_study, uniq_iyjb
D:4:      grunt_temple_overflow_cloverleaf, minmay_misc_feat_hallway,
          uniq_sigmund, uniq_edmund
D:5:      xom_teletrap_fun, marbit_many_paths, first_bread, minmay_door_square,
          kennysheep_generic_room_8
D:6:      serial_bayou_ford_a, uniq_menkaure
D:7:      vehumet_altar_wand_db, ashenzari_altar_1, bloody_trog
D:8:      kennysheep_mini, lemuel_doored_altar, zin_scriptorium, serial_shops,
          nicolae_shop_stone
D:9:      kennysheep_orc_sif_temple, nemelex_xobeh_ov_fountains_minmay,
          minmay_orc_entry_guard_dogs, enter_bailey_2, basic_altar,
          kennysheep_generic_room_4
D:10:     grunt_lair_entry_orc_guard_hut
D:11:     hangedman_fish_farm, nicolae_qazlal_style_of_elements, uniq_josephine,
          uniq_snorg, uniq_psyche, uniq_erolcha
Temple:   compressed_dpeg_triangle_lava_temple
Lair:1:   st_stairs_13, minmay_stone_trees_large, beast_lair_carwin_1,
          grunt_megastairs_1
Lair:2:   basic_altar, beast_lair_carwin_9, serial_bayou_shore_b,
          grunt_megastairs_5, lemuel_fruit_fields
Lair:3:   lab_entry_generic, serial_bayou_shore_b
Lab:      labyrinth_watery
Bailey:   bailey_polearm_flooded_kennysheep, bailey

Skill      XL: |  1  2  3  4  5  6  7  8  9 10 11 12 |
---------------+-------------------------------------+-----
Conjurations   | 2 3 4 5 6 8 9 10 | 10.9
Fire Magic     | 4 5 6 7 8 10 11 | 11.5
Spellcasting   | 3 4 5 6 7 |  7.7
Fighting       | 3 8 |  8.6
Dodging        | 3 6 |  6.4
Stealth        | |  2.0

Action                   |  1- 3 |  4- 6 |  7- 9 | 10-12 || total
-------------------------+-------+-------+-------+-------++-------
Melee: Unarmed           |    53 |    65 |       |       ||   118
       Spear             |       |    27 |    71 |   266 ||   364
 Cast: Flame Tongue      |    56 |    91 |   176 |   629 ||   952
       Conjure Flame     |       |     2 |     5 |    17 ||    24
       Throw Flame       |       |     9 |    22 |    98 ||   129
       Sticky Flame      |       |       |     6 |    51 ||    57
       Bolt of Magma     |       |       |       |     4 ||     4
       Stone Arrow       |       |       |       |     1 ||     1
  Use: Scroll            |       |    12 |     1 |    13 ||    26
       Potion            |       |     3 |       |     9 ||    12
 Stab: Sleeping          |       |     1 |     1 |     4 ||     6
  Eat: Chunk             |     2 |     7 |    13 |    43 ||    65
       Pizza             |       |     1 |     2 |     1 ||     4
       Fruit             |       |       |       |     1 ||     1
       Bread ration      |       |       |       |     1 ||     1
Armor: Robe              |    33 |    45 |    98 |   136 ||   312
       Skin              |       |     2 |       |     4 ||     6
Dodge: Dodged            |    74 |    87 |   121 |   447 ||   729
